 Dungeon Crawl Stone Soup version 0.17-a0-1650-gce8475a (webtiles) character file.

958 EuServersOMG the Grappler (level 8, -3/61 (63) HPs)
             Began as a Ghoul Monk on Aug 13, 2015.
             Was a Believer of Makhleb.
             Slain by a gnoll
             ... wielding a +0 spear
              (4 damage)
             ... on level 5 of the Dungeon.
             The game lasted 00:24:56 (4585 turns).

EuServersOMG the Grappler (Ghoul Monk)              Turns: 4585, Time: 00:24:56

HP:   -3/61 (63)    AC:  2    Str: 15    XL:     8   Next: 14%
MP:   7/7           EV: 10    Int:  5    God:    Makhleb [**....]
Gold: 228           SH:  7    Dex: 13    Spells: 0 memorised, 7 levels left

rFire  . . .     SeeInvis .       - Unarmed
rCold  + . .     Clarity  .     t - +0 robe (curse)
rNeg   + + +     SustAt   .     h - +0 shield
rPois  ∞         Gourm    .     (no helmet)
rElec  .         Spirit   .     (no cloak)
rCorr  .         Warding  .     (no gloves)
rMut   .         Rnd*Tele +     (no boots)
MR     .....                    (no amulet)
Stlth  ++........               u - ring of flight
                                y - ring of teleportation (curse)

@: rotting, not resistant to hostile enchantments, unstealthy
A: rotting body, claws 1, carnivore 3, cold resistance 1, negative energy
resistance 3, slow healing 1, torment resistance, unbreathing
a: Minor Destruction, Renounce Religion, Evoke Flight, Evoke Teleportation


You were on level 5 of the Dungeon.
You worshipped Makhleb.
Makhleb was pleased with you.
You were not hungry.

You visited 1 branch of the dungeon, and saw 5 of its levels.

You collected 228 gold pieces.

Inventory:

Missiles
 k - 6 javelins (quivered)
Armour
 a - a +0 robe
 h - a +0 shield (worn)
 t - a cursed +0 robe (worn)
Jewellery
 p - an uncursed ring of ice
 u - a ring of flight (right claw)
 y - a cursed ring of teleportation (left claw)
Scrolls
 c - a scroll of enchant weapon {unknown}
 e - 2 scrolls of magic mapping {unknown}
 i - 4 scrolls of identify {unknown}
 l - a scroll of immolation {unknown}
 m - a scroll of teleportation {unknown}
 n - a scroll of recharging {unknown}
 r - a scroll of noise {unknown}
 s - a scroll of blinking {unknown}
Potions
 d - 2 potions of heal wounds {unknown}
 f - a potion of brilliance {unknown}
 g - 2 potions of might {unknown}
 j - 2 potions of haste {unknown}
 o - a potion of ambrosia {unknown}
 q - a potion of agility {unknown}
 v - a potion of cancellation {unknown}
 w - 2 potions of curing {unknown}
 z - 2 potions of poison {unknown}
Comestibles
 b - 2 meat rations
 x - a slice of pizza
 A - a beef jerky


   Skills:
 - Level 3.2 Fighting
 - Level 2.6 Dodging
 - Level 2.1 Stealth
 + Level 10.8 Unarmed Combat


You had 7 spell levels left.
You didn't know any spells.

Dungeon Overview and Level Annotations

Branches:
Dungeon (5/15)             Temple (0/1) D:5

Altars:
Dithmenos
Makhleb
Nemelex Xobeh
Okawaru
Trog
Zin
The Shining One

Shops:
D:4 =


Innate Abilities, Weirdness & Mutations

Your body is rotting away.
You thrive on raw meat.
You are immune to poison.
You have sharp fingernails.
You are carnivorous and can eat meat at any time.
Your flesh is cold resistant.
You are immune to negative energy.
You heal slowly when monsters are visible.
You are immune to unholy pain and torment.
You can survive without breathing.


Message History

You kill the adder!
Makhleb accepts your kill.
You scratch the gnoll.
You kill the gnoll!
Makhleb accepts your kill.
The gnoll hits you from afar with a spear.
* * * LOW HITPOINT WARNING * * *
You block the gnoll's attack. The hound zombie bites you.
* * * LOW HITPOINT WARNING * * *
You block the gnoll's attack. You block the hound zombie's attack.
You claw the hound zombie!
The gnoll hits you from afar with a spear.
* * * LOW HITPOINT WARNING * * *
The hound zombie barely misses you.
Eat which item? (? for menu, Esc to quit)
You block the hound zombie's attack.
The gnoll hits you from afar with a spear.
You die...

......##.#.......#
.####.##.##.####.#
.# #.##..)..# #.#
.## #.#####..# #.#
..###.#####..# #.#
#)..#....<...# #.#
.._...####.### #.#
...†.....#.# #.#
...####..... #@#
..... ..#.#. #Z#
.####.#
.#.#.###g## .# #
.... #..g.# .# ..#
#.#..# .# ###.#..#
#...)..# #.#.#.##
#.#.#.#


You could see 2 gnolls and a hound zombie.

Vanquished Creatures
  2 ice beasts (D:5)
  2 ogres
  3 scorpions (D:4)
  A centaur skeleton (D:5)
  3 orc priests (D:4)
  An orc wizard (D:4)
  2 worker ants
  A gnoll (D:5)
  11 adders
  A shadow imp (D:5)
  3 worms
  2 giant geckos (D:1)
  20 orcs
  7 giant cockroaches
  9 hobgoblins
  16 jackals
  9 kobolds
  3 quokkas
  A ball python (D:1)
  A ball python skeleton (D:4)
  10 bats
  7 giant newts
  4 goblins
  13 rats
132 creatures vanquished.

Notes
Turn   | Place    | Note
--------------------------------------------------------------
     0 | D:1      | EuServersOMG the Ghoul Monk began the quest for the Orb.
     0 | D:1      | Reached XP level 1. HP: 19/19 MP: 0/0
   274 | D:1      | Reached XP level 2. HP: 15/26 MP: 1/1
   343 | D:1      | Reached skill level 5 in Unarmed Combat
   645 | D:1      | Reached XP level 3. HP: 31/31 MP: 2/2
  1317 | D:2      | Reached skill level 6 in Unarmed Combat
  1317 | D:2      | Reached XP level 4. HP: 32/36 MP: 3/3
  1383 | D:2      | Noticed a moth of wrath
  1385 | D:2      | Found a bloodstained altar of Trog.
  2221 | D:3      | Reached XP level 5. HP: 16/45 MP: 0/4
  2464 | D:3      | Reached skill level 7 in Unarmed Combat
  2620 | D:3      | Found a sparkling altar of Nemelex Xobeh.
  3061 | D:4      | Found Suikkir's Jewellery Boutique.
  3068 | D:4      | Found an iron altar of Okawaru.
  3170 | D:4      | Reached XP level 6. HP: 30/51 MP: 5/5
  3173 | D:4      | Reached skill level 8 in Unarmed Combat
  3411 | D:4      | Found a glowing silver altar of Zin.
  3411 | D:4      | Found a glowing golden altar of the Shining One.
  3412 | D:4      | Found a sparkling altar of Nemelex Xobeh.
  3521 | D:4      | Reached skill level 9 in Unarmed Combat
  3521 | D:4      | Reached XP level 7. HP: 48/57 MP: 6/6
  3839 | D:5      | Entered Level 5 of the Dungeon
  4155 | D:5      | Found a burning altar of Makhleb.
  4164 | D:5      | Became a worshipper of Makhleb the Destroyer
  4164 | D:5      | Acquired Makhleb's first power
  4164 | D:5      | Acquired Makhleb's second power
  4223 | D:5      | Reached skill level 10 in Unarmed Combat
  4223 | D:5      | Found a staircase to the Ecumenical Temple.
  4310 | D:5      | Reached XP level 8. HP: 16/62 MP: 7/7
  4518 | D:5      | Found a shadowy altar of Dithmenos.
  4580 | D:5      | HP: 3/61 [hound zombie (2)]
  4584 | D:5      | HP: 1/61 [gnoll/spear (2)]
  4585 | D:5      | Slain by a gnoll

Vault maps used:
D:1:      minmay_arrival_plants_in_alcoves
D:2:      grunt_ministairs_4, tgw_trog
D:3:      nemelex_spade_bored_becter
D:4:      overflow_temple_1_default, gammafunk_temple_overflow_claw,
          first_bread, serial_shops, nicolae_shop_waterfront,
          kennysheep_decorative_pillar, hangedman_abyss_or_decor_slice
D:5:      overflow_temple_1_default, minmay_temple_entry_butterflies,
          bloody_makhleb

Action                   |  1- 3 |  4- 6 |  7- 9 || total
-------------------------+-------+-------+-------++-------
Melee: Unarmed           |    97 |   246 |    91 ||   434
Invok: Minor Destruction |       |       |     1 ||     1
 Stab: Sleeping          |    10 |     4 |       ||    14
  Eat: Chunk             |     7 |    31 |     7 ||    45
       Meat ration       |       |       |     1 ||     1
